 Dungeon Sprint DCSS version 0.30-a0-4-ga7cffc901d (webtiles) character file.

Game seed: 420343602722880030

1267 Conn the Arsonist (level 8, -16/51 HPs)
             Began as an Octopode Fire Elementalist on Aug 21, 2022.
             Was an Initiate of Sif Muna.
             Killed from afar by a death drake (22 damage)
             ... with a foul vapour
             ... in the Dungeon (Sprint II: "The Violet Keep of Menkaure").
             The game lasted 00:15:18 (745 turns).

Conn the Arsonist (Octopode Fire Elementalist)       Turns: 745, Time: 00:15:19

Health: -16/51     AC:  1    Str: 15    XL:     8   Next: 52%
Magic:  9/18       EV: 14    Int: 21    God:    Sif Muna [......]
Gold:   4          SH:  0    Dex: 10    Spells: 5/21 levels left

rFire   + . .      SeeInvis +    s - staff of poison
rCold   . . .      Faith    .    (no shield)
rNeg    . . .      Spirit   .    (helmet restricted)
rPois   +          Reflect  .    (no amulet)
rElec   .          Harm     .    i - ring of Reimbursement {rC+ Str+7 Int+2 Dex-2 SInv}
rCorr   .          Rampage  .    k - ring of fire
Will    .....      NoTele   +    (no ring)
Stlth   +++++.....               (no ring)
HPRegen 0.17/turn                (no ring)
MPRegen 0.16/turn                (no ring)
                                 (no ring)
                                 (no ring)

@: slowed, very slow
A: almost no armour, amphibious, 8 rings, camouflage 1, gelatinous body 1,
nimble swimmer 1, tentacles
a: Renounce Religion


You were in the Dungeon.
You worshipped Sif Muna.
Sif Muna was noncommittal.
You visited 1 branch You collected 889 gold pieces.
You spent 885 gold pieces at shops.

Inventory:

Hand Weapons
 b - a +3 short sword of flaming
Missiles
 q - 2 poisoned darts
Magical Staves
 s - a staff of poison (weapon)
Jewellery
 i - the ring of Reimbursement (left tentacle) {rC+ Str+7 Int+2 Dex-2 SInv}
   (You bought it in a shop in the Dungeon)

   [ring of see invisible]

   Str:       It affects your strength (+7).
   Int:       It affects your intelligence (+2).
   Dex:       It affects your dexterity (-2).
   rC:        It protects you from cold.
   SInv:      It lets you see invisible.
 k - a ring of fire (right tentacle)
Scrolls
 c - a scroll of blinking
 d - 5 scrolls of fog
 f - a scroll of poison
 h - a scroll of immolation
 n - 2 scrolls of summoning
Potions
 a - 6 potions of magic
 e - 2 potions of resistance
 g - 3 potions of flight
 j - a potion of curing
 m - a potion of heal wounds
 o - a potion of invisibility {unknown}
 p - a potion of might {unknown}
 r - a potion of mutation


   Skills:
 + Level 2.6 Fighting
 + Level 0.3 Short Blades
 + Level 6.2 Dodging
 + Level 7.4 Stealth
 + Level 7.2 Spellcasting
 * Level 8.1 Conjurations
 * Level 2.5 Summonings
 + Level 11.9 Fire Magic
 * Level 2.9 Invocations


You had 5 spell levels left.
You knew the following spells:

 Your Spells              Type           Power      Damage    Failure   Level
a - Foxfire               Conj/Fire      100%       2x1d9     1%          1
b - Conjure Flame         Conj/Fire      65%        6-21      1%          3
c - Inner Flame           Hex/Fire       49%        N/A       2%          3
d - Flame Wave            Conj/Fire      65%        2d15      1%          4
e - Scorch                Fire           100%       2d10      1%          2
f - Summon Guardian Gole  Hex/Summ       12%        N/A       16%         3

Your spell library contained the following spells:

 Spells                   Type           Power      Damage    Failure   Level
 Orb of Destruction       Conj           20%        9d8       95%         7
 Spellforged Servitor     Conj/Summ      15%        N/A       100%        7


Dungeon Overview and Level Annotations

Branches:
Dungeon (1/1)

Altars:
Cheibriados
Dithmenos
Elyvilon
Fedhas
Gozag
Hepliaklqana
Kikubaaqudgha
Makhleb
Nemelex Xobeh
Okawaru
Qazlal
Ru
Sif Muna
Trog
Uskayaw
Vehumet
Wu Jian
Xom
Yredelemnul
Zin
The Shining One
Jiyva
Lugonu

Shops:
D =(:(!=:=([*=[?!

Annotations:
D exclusion: oklob plant


Innate Abilities, Weirdness & Mutations

You cannot wear most types of armour.
You are amphibious.
You can wear up to eight rings at the same time.
Your skin changes colour to match your surroundings (Stealth+).
Your rubbery body absorbs attacks. (AC +1, EV +1)
You are camouflaged when in or above water. (Stealth+)
You have tentacles for arms and can constrict up to eight enemies at once.


Message History

Unknown command.
Casting: Foxfire (safe; 1% risk of failure)
Confirm with . or Enter, or press ? or * to list all spells.
You feel a surge of power!
You conjure some foxfire!
The foxfire hits the death drake but does no damage.
The death drake is engulfed in a cloud of scalding steam.
Flame seeps out of the death drake.
The foxfire hits the death drake.
Flame seeps out of the death drake.
The death drake is lightly wounded.
Casting: Foxfire (safe; 1% risk of failure)
Confirm with . or Enter, or press ? or * to list all spells.
You feel a surge of power!
Flames lash the death drake.
Flame seeps out of the death drake.
The death drake is moderately wounded.
The death drake's fire resistance burns away.
The foxfire hits the death drake but does no damage.
The death drake is moderately wounded.
The foxfire hits the death drake but does no damage.
The death drake is moderately wounded.
The death drake is engulfed in blazing flames.
Flame seeps out of the death drake.
The death drake breathes miasma at you. The foul vapour engulfs you!
You feel yourself slow down.
The death drake is engulfed in blazing flames.
Flame seeps out of the death drake.
The death drake is engulfed in a cloud of scalding steam.
Casting: Scorch (safe; 1% risk of failure)
Confirm with . or Enter, or press ? or * to list all spells.
A guardian golem appears, shielding your allies.
The death drake is engulfed in a cloud of scalding steam.
The death drake breathes miasma at you. The foul vapour engulfs you!!
You feel as though you will be slow longer.
* * * LOW HITPOINT WARNING * * *
The death drake bites you!
* * * LOW HITPOINT WARNING * * *
The death drake breathes miasma at you. The foul vapour engulfs you!!
You feel as though you will be slow longer.
You die...

#~~~~#..#).#....#,,*..k####▓....[
#~~####...####..##**#..#*c#▓..(.(
#~##.###'###.##..#,,+^.#,y#▓.....
#~#..###.##.#.#..#,,#^.#,h#▓)[..(
'~'##.'.<.'###+..####.k##.#▓.....
#~#..###.##.#.#....###...##▓▓▓▓▓▓
#~##.#*#+###.##......~~~~~~~~~~~~
#~~###*$#.*###~~°.°°.§#'########+
##~~~#.B*B.#~~~°@°°9.~#_._._...#S
*#'#~##.*.##~~~~°☼k~.~#._._._._#S
*#.#~~##+##~~~≈°§°§~~~#_._._._.#~
~####~~~~~~~~~§≈§≈§~~~#._._._._#~
~~*,#+++#+++#~§§§§§≈≈~#.._._._.#§
~~***,zzzzz,##§§§###≈§#..._._._#§
~~**...zzz.○.##§§#,#≈§#...._._.#~
~~+..°.○z○....+≈≈#+#≈≈#....._..#~
~~##......°..##≈≈§§§§≈##########~


You could see a death drake (inner flame, catching breath, combustible, ally
target) and a friendly guardian golem (summoned).

Vanquished Creatures
  A merfolk siren (D)
  A blink frog (D)
  2 wyverns (D)
  Menkaure (D)
  A water moccasin (D)
  4 scorpions (D)
10 creatures vanquished.

Vanquished Creatures (others)
  42 foxfires (D)
  8 tentacles (D)
50 creatures vanquished.

Grand Total: 60 creatures vanquished

Notes
Turn   | Place    | Note
-------+----------+-------------------------------------------
     0 | D        | Conn the Octopode Fire Elementalist began the quest for the
                  | Orb.
     0 | D        | Reached XP level 1. HP: 11/11 MP: 3/3
     1 | D        | Noticed a wyvern
     1 | D        | Noticed a wyvern
     5 | D        | Noticed a boulder beetle
     5 | D        | Noticed a boulder beetle
     9 | D        | Noticed a merfolk siren
    12 | D        | Noticed a scorpion
    12 | D        | Noticed a scorpion
    22 | D        | Killed a scorpion
    23 | D        | Reached skill level 5 in Fire Magic
    23 | D        | Reached XP level 2. HP: 17/17 MP: 0/6
    23 | D        | Reached XP level 3. HP: 21/21 MP: 0/7
    23 | D        | Reached XP level 4. HP: 27/27 MP: 0/9
    26 | D        | Killed a scorpion
    27 | D        | Reached skill level 6 in Fire Magic
    27 | D        | Reached XP level 5. HP: 31/31 MP: 0/11
    32 | D        | Reached skill level 7 in Fire Magic
    43 | D        | Reached skill level 5 in Stealth
    43 | D        | Reached skill level 5 in Conjurations
    43 | D        | Reached skill level 8 in Fire Magic
    43 | D        | Reached XP level 6. HP: 34/37 MP: 2/13
    54 | D        | Learned a level 2 spell: Scorch
    58 | D        | Learned a level 3 spell: Conjure Flame
    62 | D        | Learned a level 3 spell: Inner Flame
    67 | D        | Learned a level 4 spell: Flame Wave
   113 | D        | Killed a wyvern
   114 | D        | Reached skill level 1 in Fighting
   114 | D        | Reached skill level 5 in Dodging
   114 | D        | Reached skill level 5 in Spellcasting
   114 | D        | Reached skill level 9 in Fire Magic
   118 | D        | Found Ojadeimi's Distillery.
   119 | D        | Found Fuf Gun's Magic Scroll Boutique.
   119 | D        | Found Kiyxkojian's General Store.
   119 | D        | Found Ifoggydgh's Jewellery Shop.
   119 | D        | Found Dyeh's Antique Weapon Boutique.
   119 | D        | Found Fioxecho's Antique Armour Boutique.
   119 | D        | Found Hadiz's Book Shop.
   119 | D        | Found Voijoil's Jewellery Shop.
   120 | D        | Found Hoexoi's Jewellery Shop.
   120 | D        | Found Umoiz's Distillery.
   121 | D        | Found Duno's Antique Armour Boutique.
   121 | D        | Noticed a hell hog
   122 | D        | Found Jeso's Antique Weapon Shop.
   122 | D        | Noticed Menkaure
   122 | D        | Noticed a hell hog
   122 | D        | Noticed an oklob plant
   123 | D        | Found Vogguk's Antique Weapon Shop.
   123 | D        | Found Aqozish's Jewellery Boutique.
   123 | D        | Found Guhoc's Book Shoppe.
   125 | D        | Noticed a wyvern
   126 | D        | Noticed a wyvern
   137 | D        | Noticed a shining eye
   137 | D        | Noticed a shining eye
   139 | D        | Noticed a shining eye
   186 | D        | Killed Menkaure
   187 | D        | Reached skill level 10 in Fire Magic
   187 | D        | Reached XP level 7. HP: 14/43 MP: 4/15
   194 | D        | Noticed a flying skull
   195 | D        | Noticed a blink frog
   206 | D        | Killed a blink frog
   224 | D        | Noticed a flying skull
   227 | D        | Noticed a flying skull
   227 | D        | Noticed a flying skull
   227 | D        | Noticed a flying skull
   228 | D        | Noticed a flying skull
   228 | D        | Noticed a flying skull
   228 | D        | Noticed a flying skull
   228 | D        | Noticed a flying skull
   228 | D        | Noticed a flying skull
   228 | D        | Noticed a flying skull
   229 | D        | Noticed a flying skull
   237 | D        | Found an iron altar of Okawaru.
   237 | D        | Found an opulent altar of Gozag.
   241 | D        | Reached skill level 11 in Fire Magic
   241 | D        | Found a sparkling altar of Nemelex Xobeh.
   241 | D        | Found a blossoming altar of Fedhas.
   242 | D        | Found a radiant altar of Vehumet.
   242 | D        | Found a burning altar of Makhleb.
   242 | D        | Found a white marble altar of Elyvilon.
   244 | D        | Found a hide-covered altar of Uskayaw.
   244 | D        | Found a corrupted altar of Lugonu.
   244 | D        | Found a shadowy altar of Dithmenos.
   245 | D        | Found a glowing silver altar of Zin.
   245 | D        | Found a bloodstained altar of Trog.
   245 | D        | Found an ancient bone altar of Kikubaaqudgha.
   246 | D        | Found a basalt altar of Yredelemnul.
   246 | D        | Found a shimmering blue altar of Sif Muna.
   246 | D        | Found a viscous altar of Jiyva.
   247 | D        | Found a shimmering altar of Xom.
   247 | D        | Found a sacrificial altar of Ru.
   248 | D        | Found a glowing golden altar of the Shining One.
   248 | D        | Found an ornate altar of the Wu Jian Council.
   248 | D        | Found a stormy altar of Qazlal.
   250 | D        | Found a snail-covered altar of Cheibriados.
   250 | D        | Found a hazy altar of Hepliaklqana.
   257 | D        | Became a worshipper of Sif Muna the Loreminder
   270 | D        | Noticed a kraken
   395 | D        | Learned a level 3 spell: Summon Guardian Golem
   469 | D        | Noticed a yaktaur
   469 | D        | Noticed a hornet
   469 | D        | Noticed a polar bear
   472 | D        | Noticed a death drake
   494 | D        | Killed a merfolk siren
   495 | D        | Reached XP level 8. HP: 41/51 MP: 0/18
   561 | D        | Killed a wyvern
   678 | D        | Bought a scroll of blinking for 75 gold pieces
   680 | D        | Bought a scroll of poison for 40 gold pieces
   680 | D        | Bought a scroll of immolation for 40 gold pieces
   695 | D        | Bought the ring of Reimbursement {rC+ Str+7 Int+2 Dex-2
                  | SInv} for 480 gold pieces
   701 | D        | Bought a ring of fire for 250 gold pieces
   745 | D        | Killed from afar by a death drake

Illustrated notes

Levels and vault maps discovered:
D:        the_violet_keep_of_menkaure [sprint2_stairs_cluster_1,
          sprint2_shoproom, sprint2_temple, sprint2_basic_supplies,
          sprint2_obstacle_1, sprint2_obstacle_2, sprint2_obstacle_5,
          sprint2_obstacle_7, sprint2_obstacle_3, sprint2_timed_cluster_1,
          sprint2_smallroom_cluster_1, sprint2_smallroom_final_cluster_1,
          sprint2_transparent_cluster_1, sprint2_second_timed_cluster_1,
          sprint2_sniper_area_1, sprint2_heavy_combat_area_1,
          sprint2_mutation_trap_area_1, sprint2_forest_area_1,
          sprint2_light_combat_area_1, sprint2_behind_water_1,
          sprint2_near_end_vault_1]

Skill      XL: |  1  2  3  4  5  6  7 |
---------------+----------------------+-----
Dodging        | 3 4 5 6 |  6.2
Stealth        | 3 4 5 6 7 |  7.4
Spellcasting   | 3 4 5 7 |  7.2
Conjurations   | 3 4 5 6 8 |  8.1
Fire Magic     | 5 6 8 10 11 | 11.9
Fighting       | 1 2 |  2.6
Summonings     | 2 |  2.5
Invocations    | 2 |  2.9
Short Blades   | |  0.3

Action                   |  1- 3 |  4- 6 |  7- 9 || total
-------------------------+-------+-------+-------++-------
Melee: Unarmed           |     3 |    15 |       ||    18
       Constrict         |     2 |     3 |     1 ||     6
       Tentacles         |     1 |     8 |       ||     9
       Punch             |       |     1 |       ||     1
       Short sword       |       |       |     3 ||     3
 Cast: Foxfire           |     2 |     4 |    21 ||    27
       Scorch            |       |     2 |     7 ||     9
       Flame Wave        |       |     1 |     1 ||     2
       Conjure Flame     |       |     1 |     1 ||     2
       Summon Guardian G |       |       |     2 ||     2
       Inner Flame       |       |       |     1 ||     1
  Use: Potion            |     2 |     2 |     2 ||     6
       Scroll            |       |     1 |    11 ||    12
 Stab: Sleeping          |       |       |     1 ||     1
Armor: Skin              |       |     1 |       ||     1
Dodge: Dodged            |       |    13 |       ||    13

Table legend: (Time is in decaauts)
 A = Elapsed time spent in this place.
 B = Non-inter-level travel time spent in this place.
 C = Inter-level travel time spent in this place.
 D = Time resting spent in this place.
 E = Time spent auto-exploring this place.
 F = Levels seen in this place.
 G = Mean time per level.
                   A        B        C        D        E       F      G
               +--------+--------+--------+--------+--------+-----+--------+
         Total |    736 |    736 |      0 |    189 |      0 |   1 |  736.0 |
       Dungeon |    736 |    736 |      0 |    189 |      0 |   1 |  736.0 |
               +--------+--------+--------+--------+--------+-----+--------+

Top non-repeatable levels by time:
       D: 736 daAuts
